 Dungeon Crawl Stone Soup version 0.31.0-12-g77e489cdc1 (webtiles) character file.

Game seed: 4075721234580742688

7891 DildoBatman the Geomancer (level 11, -6/25 (80) HPs)
             Began as a Formicid Conjurer on Mar 4, 2024.
             Was an Initiate of Gozag.
             Mangled by a two-headed ogre zombie (7 damage)
             ... on level 11 of the Dungeon.
             The game lasted 00:38:17 (10107 turns).

DildoBatman the Geomancer (Formicid Conjurer)      Turns: 10107, Time: 00:38:18

HP:   -6/25 (80)    AC: 10    Str: 11 (12) XL:     11   Next: 45%
MP:   13/30         EV: 13    Int: 22      God:    Gozag
Gold: 563           SH:  5    Dex: 18      Spells: 7/24 levels left

rFire   . . .        c - +1 sling (drain)
rCold   . . .        (no shield)
rNeg    . . .        P - +0 steam dragon scales
rPois   .            (helmet unavailable)
rElec   .            (no cloak)
rCorr   .            E - +0 pair of gloves
SInv    +            o - +2 pair of boots
Will    +....        n - amulet of reflection
Stlth   +++          W - ring of magical power
HPRegen 0.24/turn    d - +6 ring of dexterity
MPRegen 0.22/turn

%: reflection
@: extremely drained
A: permanent stasis, dig shafts and tunnels, antennae 3, four strong arms
a: Dig, Shaft Self, Renounce Religion, Potion Petition, Call Merchant, Bribe
Branch


You were on level 11 of the Dungeon.
You worshipped Gozag.
Gozag was pleased with you.
You visited 2 branches of the dungeon, and saw 12 of its levels.
You also visited: Sewer.

You collected 699 gold pieces.
You paid 136 gold pieces to Gozag.

Inventory:

Hand Weapons
 a - the +8 long sword "Asif" {drain, *Rage Str+4}
   (You found it on level 9 of the Dungeon)

   Str+4:     It affects your strength (+4).
   *Rage:     It berserks you when you make melee attacks (+20% chance).
 c - a +1 sling of draining (weapon)
Missiles
 b - a throwing net
 l - 3 poisoned darts
Armour
 o - a +2 pair of boots (worn)
 D - a +1 robe of positive energy
 E - a +0 pair of gloves (worn)
 N - the +2 ring mail of Negation {rF+ SInv}
   (You found it on level 7 of the Dungeon)

   rF+:       It protects you from fire.
   SInv:      It lets you see invisible.
 P - +0 steam dragon scales (worn)
Jewellery
 d - a +6 ring of dexterity (right hand)
 n - an amulet of reflection (around neck)
 p - a ring of resist corrosion
 A - a ring of magical power
 U - a +6 ring of strength
 W - a ring of magical power (left hand)
Wands
 L - a wand of digging (3)
 S - a wand of flame (19)
 V - a wand of charming (7)
Scrolls
 g - a scroll of enchant armour {unknown}
 i - 2 scrolls of poison {unknown}
 j - a scroll of brand weapon {unknown}
 t - 6 scrolls of enchant weapon
 v - 2 scrolls of fear {unknown}
 w - 2 scrolls of fog {unknown}
 x - 3 scrolls of immolation {unknown}
 y - a scroll of revelation {unknown}
 z - a scroll of identify
 B - 2 scrolls of silence {unknown}
 H - a scroll of noise {unknown}
 I - a scroll of amnesia {unknown}
 Q - a scroll of acquirement {unknown}
 R - a scroll of summoning {unknown}
 T - a scroll of blinking {unknown}
Potions
 e - a potion of attraction
 f - 2 potions of heal wounds {unknown}
 h - 3 potions of curing {unknown}
 k - 2 potions of lignification
 m - a potion of haste {unknown}
 q - a potion of might {unknown}
 r - 3 potions of cancellation
 s - 3 potions of invisibility
 u - 2 potions of magic
 C - a potion of berserk rage {unknown}
 J - a potion of enlightenment {unknown}
 O - 2 potions of brilliance {unknown}
 X - a potion of mutation {unknown}


   Skills:
 - Level 5.6 Fighting
 - Level 4.0 Long Blades
 - Level 5.6 Armour
 - Level 3.6 Dodging
 - Level 4.0 Stealth
 - Level 7.0 Spellcasting
 - Level 6.0 Conjurations
 * Level 8.4 Necromancy
 - Level 9.0 Earth Magic


You had 7 spell levels left.
You knew the following spells:

 Your Spells              Type           Power      Damage    Failure   Level
a - Borgnjor's Vile Clut  Necr/Erth      23%        N/A       6%          5
b - Stone Arrow           Conj/Erth      80%        3d12      1%          3
c - Searing Ray           Conj           68%        2d6       1%          2
d - Dispel Undead         Necr           44%        3d17      2%          4
e - Magic Dart            Conj           100%       1d8       1%          1
z - Sublimation of Blood  Necr           44%        N/A       1%          2

Your spell library contained the following spells:

 Spells                   Type           Power      Damage    Failure   Level
 Kiss of Death            Conj/Necr      100%       2d13      1%          1
 Necrotise                Necr           100%       1d9       1%          1
 Passwall                 Erth           47%        N/A       1%          3
 Apportation              Tloc           14%        N/A       9%          1
 Ensorcelled Hibernation  Hex/Ice        14%        N/A       12%         2
 Jinxbite                 Hex            14%        N/A       12%         2
 Lesser Beckoning         Tloc           14%        N/A       12%         2
 Animate Armour           Summ/Erth      54%        N/A       13%         4
 Anguish                  Hex/Necr       13%        N/A       14%         4
 Martyr's Knell           Necr/Summ      26%        N/A       14%         4
 Gell's Gravitas          Tloc           7%         N/A       24%         3
 Inner Flame              Hex/Fire       7%         N/A       24%         3
 Teleport Other           Tloc           7%         N/A       24%         3
 Fulminant Prism          Conj/Alch      10%        3d8       24%         4
 Iskenderun's Mystic Bla  Conj/Tloc      20%        2d6       24%         4
 Irradiate                Conj/Alch      10%        3d15      54%         5
 Alistair's Intoxication  Alch           4%         N/A       92%         5
 Dispersal                Tloc           3%         N/A       100%        6
 Ignition                 Fire           3%         3d4       100%        8
 Lehudib's Crystal Spear  Conj/Erth      20%        10d6      100%        8
 Animate Dead             Necr           Unusable   N/A       N/A         4
 Swiftness                Air            Unusable   N/A       N/A         3

Dungeon Overview and Level Annotations

Branches:
Dungeon (11/15)            Temple (1/1) D:5            Lair (0/5) D:9
  Sewer (visited)
    Orc: D:9-12

Altars:
Ashenzari
Cheibriados
Dithmenos
Elyvilon
Fedhas
Gozag
Hepliaklqana
Kikubaaqudgha
Makhleb
Nemelex Xobeh
Okawaru
Qazlal
Ru
Sif Muna
Trog
Uskayaw
Vehumet
Wu Jian
Xom
Yredelemnul
Zin
The Shining One

Shops:
D:6 *

Annotations:
D:8 Gastronok


Innate Abilities, Weirdness & Mutations

You cannot be hasted, slowed, berserked, paralysed or teleported.
You can dig through walls and to a lower floor.
You have a pair of large antennae on your head. (SInv)
Your four strong arms can wield two-handed weapons with a shield.


Message History

The two-headed ogre struggles to escape constriction.
You shoot a sling bullet.
The sling bullet hits the two-headed ogre but does no damage.
The two-headed ogre is moderately wounded.
The zombie hands constrict the two-headed ogre.
The zombie hands release their grip on the two-headed ogre.
Casting: Borgnjor's Vile Clutch (astonishingly dangerous; 7% risk of failure)
Confirm with . or Enter, or press ? or * to list all spells.
Aiming: Stone Arrow (safe; 1% risk of failure)
Press: ? - help, Shift-Dir - straight line, f/p - two-headed ogre
Aim: a two-headed ogre, wielding a +0 giant spiked club and a +0 giant club (heavily wounded, lightly drained, 89% to hit)
The stone arrow hits the two-headed ogre!!
The two-headed ogre is almost dead.
Casting: Stone Arrow (safe; 1% risk of failure)
Confirm with . or Enter, or press ? or * to list all spells.
Aiming: Stone Arrow (safe; 1% risk of failure)
Press: ? - help, Shift-Dir - straight line, f/p - two-headed ogre
Aim: a two-headed ogre, wielding a +0 giant spiked club and a +0 giant club (almost dead, lightly drained, 89% to hit)
The stone arrow hits the two-headed ogre!!
You kill the two-headed ogre!
Kikubaaqudha cackles.
A two-headed ogre zombie comes into view.
You feel your strength returning.
Training target 4.0 for Long Blades reached!
Your Long Blades skill increases to level 4!
Casting: Stone Arrow (safe; 1% risk of failure)
Confirm with . or Enter, or press ? or * to list all spells.
Aiming: Dispel Undead (quite dangerous; 2% risk of failure)
Press: ? - help, Shift-Dir - straight line, f - two-headed ogre zombie
Aim: a two-headed ogre zombie (100% to hit)
The two-headed ogre zombie is dispelled!!
Casting: Dispel Undead (quite dangerous; 2% risk of failure)
Confirm with . or Enter, or press ? or * to list all spells.
Aiming: Dispel Undead (quite dangerous; 2% risk of failure)
Press: ? - help, Shift-Dir - straight line, f/p - two-headed ogre zombie
Aim: a two-headed ogre zombie (moderately damaged, 100% to hit)
The two-headed ogre zombie is dispelled!!
The two-headed ogre zombie hits you!
You die...
Your body crumbles into a pile of gold.

##############
#..........@.#
#.##########Z#
#.# #.# #.#
#)# #.# #.#
######.# #.#
.......# #.#
.....### #.#
.....'.# #.#


You could see a two-headed ogre zombie.

Vanquished Creatures
  3 two-headed ogres
  Pikel (D:6)
  Maggie (D:7)
  Jeremiah (D:9)
  Psyche (D:9)
  A hornet (D:9)
  Sigmund (D:6)
  2 wyverns
  2 water moccasins
  6 orc warriors
  An ice beast (D:6)
  A sky beast (D:4)
  A centaur (D:8)
  2 ogres
  2 lemures (D:6)
  3 phantoms
  A kobold brigand (D:9)
  Blork the orc (D:6)
  5 bullfrogs
  A scorpion (D:5)
  15 wights
  3 killer bees (D:9)
  A gnoll bouda (D:7)
  6 hounds
  2 bombardier beetles
  5 jellies
  3 orc priests (D:8)
  5 iguanas
  Natasha (D:3)
  12 orc wizards
  2 sleepcaps
  Robin (D:3)
  14 gnolls
  7 adders
  A white imp (D:7)
  6 orc zombies
  A dart slug (D:4)
  A ribbon worm (D:3)
  34 orcs
  3 bats
  7 endoplasms
  6 giant cockroaches
  12 goblins
  10 hobgoblins
  4 jackals (D:1)
  4 quokkas
  16 ball pythons
  6 frilled lizards
  12 kobolds
  A kobold zombie (D:9)
  25 rats
263 creatures vanquished.

Notes
Turn   | Place    | Note
-------+----------+-------------------------------------------
     0 | D:1      | DildoBatman the Formicid Conjurer began the quest for the
                  | Orb.
     0 | D:1      | Reached XP level 1. HP: 13/13 MP: 3/3
   206 | D:1      | Reached XP level 2. HP: 20/20 MP: 3/5
   209 | D:1      | Learned a level 2 spell: Searing Ray
   560 | D:1      | Reached XP level 3. HP: 25/25 MP: 2/6
   589 | D:1      | Reached skill level 1 in Fighting
   836 | D:2      | Reached skill level 1 in Armour
   952 | D:2      | Found a faded altar of an unknown god.
  1471 | D:3      | Reached XP level 4. HP: 23/32 MP: 1/7
  1488 | D:3      | Noticed Natasha
  1662 | D:3      | Noticed a water moccasin
  1671 | D:3      | Killed a water moccasin
  1672 | D:3      | Reached XP level 5. HP: 17/38 MP: 6/9
  1773 | D:3      | Noticed Robin
  1799 | D:3      | Reached XP level 6. HP: 43/43 MP: 6/10
  1805 | D:3      | Found a glowing drain.
  1809 | Sewer    | Entered a sewer
  2493 | Sewer    | Reached XP level 7. HP: 48/51 MP: 5/12
  3139 | D:4      | Found a stormy altar of Qazlal.
  3317 | D:4      | Found a blossoming altar of Fedhas.
  3402 | D:4      | Found a radiant altar of Vehumet.
  3562 | D:4      | Found a basalt altar of Yredelemnul.
  3862 | D:5      | Entered Level 5 of the Dungeon
  4155 | D:5      | Found a staircase to the Ecumenical Temple.
  4185 | Temple   | Entered the Ecumenical Temple
  4192 | Temple   | Became a worshipper of Kikubaaqudgha
  4229 | D:5      | Reached XP level 8. HP: 60/60 MP: 14/14
  4280 | D:5      | Reached skill level 5 in Conjurations
  4708 | D:5      | Found a snail-covered altar of Cheibriados.
  4708 | D:5      | Found an iron altar of Okawaru.
  4913 | D:3      | Killed Natasha
  4980 | D:3      | Killed Robin
  4998 | D:3      | Reached * piety under Kikubaaqudgha
  4998 | D:3      | Received a gift from Kikubaaqudgha
  5125 | D:6      | Noticed Blork the orc
  5135 | D:6      | Killed Blork the orc
  5188 | D:6      | Reached skill level 5 in Armour
  5188 | D:6      | Reached skill level 5 in Spellcasting
  5257 | D:6      | Reached skill level 5 in Fighting
  5265 | D:6      | Reached XP level 9. HP: 56/68 MP: 13/17
  5268 | D:6      | Learned a level 2 spell: Sublimation of Blood
  5286 | D:6      | Learned a level 3 spell: Stone Arrow
  5440 | D:6      | Found Ea-nāṣir's Fine Metal Goods.
  5470 | D:6      | Reached skill level 1 in Earth Magic
  5500 | D:6      | Noticed Pikel
  5510 | D:6      | Reached skill level 2 in Earth Magic
  5521 | D:6      | Killed Pikel
  5522 | D:6      | Reached skill level 5 in Earth Magic
  5556 | D:6      | Reached skill level 6 in Earth Magic
  5698 | D:6      | Noticed Sigmund
  5702 | D:6      | Killed Sigmund
  5791 | D:6      | Found an ornate altar of the Wu Jian Council.
  6036 | D:7      | Reached skill level 7 in Earth Magic
  6057 | D:7      | Identified the +2 ring mail of Negation {rF+ SInv}
  6231 | D:7      | Reached ** piety under Kikubaaqudgha
  6263 | D:7      | Noticed Maggie
  6268 | D:7      | Reached XP level 10. HP: 74/74 MP: 20/20
  6371 | D:7      | Killed Maggie
  6372 | D:7      | Reached skill level 8 in Earth Magic
  6491 | D:7      | Reached skill level 9 in Earth Magic
  6625 | D:8      | Reached skill level 1 in Necromancy
  6849 | D:8      | Noticed Gastronok
  7157 | D:8      | Reached *** piety under Kikubaaqudgha
  7157 | D:8      | Received a gift from Kikubaaqudgha
  7159 | D:8      | Fell from the grace of Kikubaaqudgha
  7236 | Temple   | Became a worshipper of Gozag Ym Sagoz the Greedy
  7249 | D:5      | Learned a level 5 spell: Borgnjor's Vile Clutch
  7254 | D:5      | Learned a level 4 spell: Dispel Undead
  7882 | D:9      | Noticed a two-headed ogre
  8024 | D:9      | Noticed Jeremiah
  8045 | D:9      | Killed Jeremiah
  8053 | D:9      | Found a staircase to the Lair.
  8069 | D:9      | Reached skill level 5 in Necromancy
  8167 | D:9      | Identified the +8 long sword "Asif" {drain, *Rage Str+4}
  8224 | D:9      | Noticed Psyche
  8248 | D:9      | Killed Psyche
  8293 | D:9      | Killed a two-headed ogre
  8294 | D:9      | Reached XP level 11. HP: 75/80 MP: 6/21
  8571 | D:9      | Reached skill level 1 in Long Blades
  8777 | D:9      | Found a shimmering blue altar of Sif Muna.
  8822 | D:10     | Entered Level 10 of the Dungeon
  9560 | D:10     | Noticed a two-headed ogre
  9563 | D:10     | Killed a two-headed ogre
  9839 | D:10     | Found a sacrificial altar of Ru.
 10089 | D:11     | Noticed a two-headed ogre
 10105 | D:11     | Killed a two-headed ogre
 10107 | D:11     | Mangled by a two-headed ogre zombie

Illustrated notes

Levels and vault maps discovered:
D:1:      minmay_arrival_semitransparent, layout_loops_cross
D:2:      layout_loops_ring, basic_ecumenical_altar
D:3:      layout_basic, gup_sewer_entry_spiral, uniq_natasha, uniq_robin
D:4:      layout_gridville, nicolae_qazlal_beasts_of_the_sky, lemuel_tele_altar,
          nicolae_overflow_crystal_walls, yredelemnul_altar_generic
D:5:      layout_loops_cross, gammafunk_temple_overflow_elements,
          minmay_temple_entry_tees, nicolae_fountain_basement
D:6:      layout_loops_ring, lemuel_round_altar, nicolae_ea-nasir_strikes_again,
          minmay_misc_feat_enclosed, grunt_ministairs_2, uniq_sigmund,
          uniq_blork_the_orc, uniq_pikel
D:7:      layout_cave_pools, uniq_maggie
D:8:      layout_gridville, serial_co_window_serial, co_window_of_opportunity_a,
          co_window_corner_a, co_window_corner_a, co_window_corner_a,
          co_window_corner_a, co_window_paths_a, co_window_paths_a,
          co_window_broadway_c, co_window_2corner, co_window_cross_2,
          glass_columns_a, glass_columns_a, glass_columns_b, glass_columns_b,
          glass_columns_a, uniq_gastronok
D:9:      layout_gridville, kennysheep_orc_sif_temple, lair_entry_dummy,
          uniq_psyche, uniq_jeremiah
D:10:     layout_layer_cave, nicolae_overflow_hidden_temple,
          minmay_strange_pillars, nicolae_elevator_lobby_asterisk
D:11:     layout_basic, moated_statue
Temple:   nicolae_temple_ecumenical_triangle

Skill      XL: |  1  2  3  4  5  6  7  8  9 10 11 |
---------------+----------------------------------+-----
Dodging        | 2 3 |  3.6
Fighting       | 1 2 3 5 |  5.6
Armour         | 1 2 3 5 |  5.6
Stealth        | 3 4 |  4.0
Spellcasting   | 3 4 5 7 |  7.0
Conjurations   | 4 5 6 |  6.0
Earth Magic    | 7 9 |  9.0
Necromancy     | 6 8 |  8.4
Long Blades    | 4 |  4.0

Action                     |  1- 3 |  4- 6 |  7- 9 | 10-12 || total
---------------------------+-------+-------+-------+-------++-------
  Melee: Unarmed           |    10 |       |       |       ||    10
         Short sword       |    22 |       |       |       ||    22
         Long sword        |       |    17 |       |    24 ||    41
         Flail             |       |       |    45 |       ||    45
         Trident           |       |       |       |    13 ||    13
   Fire: Sling             |       |       |     5 |    30 ||    35
   Cast: Magic Dart        |    40 |    60 |    35 |     2 ||   137
         Searing Ray       |     2 |    11 |    58 |    27 ||    98
         Stone Arrow       |       |       |     6 |    52 ||    58
         Sublimation of Bl |       |       |     1 |     2 ||     3
         Dispel Undead     |       |       |       |    13 ||    13
         Borgnjor's Vile C |       |       |       |     1 ||     1
 Invoke: Renounce Religion |       |       |       |     1 ||     1
Ability: Dig               |       |     2 |     5 |     1 ||     8
    Use: Potion            |       |     1 |       |       ||     1
         Scroll            |       |       |       |     7 ||     7
   Stab: Sleeping          |     6 |     1 |     3 |       ||    10
 Armour: Robe              |    20 |    35 |    94 |     1 ||   150
         Steam dragon scal |       |       |       |    67 ||    67
  Dodge: Dodged            |    17 |    23 |    98 |    62 ||   200
  Block: Other             |       |    15 |     8 |    13 ||    36
